[Event "2012 U.S. Junior Closed Champioship"]
[Site "?"]
[Date "2012.07.11"]
[Round "1.1"]
[White "Getz, Alec"]
[Black "Shetty, Atulya"]
[Result "1-0"]
[ECO "A16"]
[WhiteElo "2412"]
[BlackElo "2323"]
[PlyCount "87"]
[EventDate "2012.??.??"]
[TimeControl "6000+1380"]

1. c4 Nf6 2. Nc3 e5 3. b3 c6 4. Bb2 d5 5. d4 exd4 6. Qxd4 dxc4 7. Qxd8+ Kxd8 8.
bxc4 Be6 9. e4 Nbd7 10. Nf3 Nb6 11. Ne5 Kc7 12. O-O-O Bd6 13. Rxd6 Kxd6 14. f4
Nfd7 15. Nxd7 Bxd7 16. Be2 Kc7 17. c5 Nc8 18. Nd1 f6 19. e5 f5 20. Ne3 b6 21.
g4 Ne7 22. Rd1 Rhf8 23. Rd6 bxc5 24. Bc4 fxg4 25. e6 Bc8 26. Be5 Ng6 27. Rd7+
Kb6 28. Bc7+ Kb7 29. Rxg7 Re8 30. Bd6+ Kb6 31. Bc7+ Kb7 32. Bd6+ Kb6 33. f5 Ka5
34. Nc2 Nh4 35. Bc7+ Ka4 36. Bb3+ Kb5 37. a4+ Ka6 38. Bc4+ Kb7 39. Bg3+ Kb6 40.
Bc7+ Kb7 41. Bd8+ Kb8 42. Bxh4 Bb7 43. Bg3+ Kc8 44. Rc7+ 1-0

[Event "2012 U.S. Junior Closed Champioship"]
[Site "?"]
[Date "2012.07.11"]
[Round "1.2"]
[White "Michaelides, Matthew"]
[Black "Xiong, Jeffery"]
[Result "0-1"]
[ECO "E45"]
[WhiteElo "2179"]
[BlackElo "2369"]
[PlyCount "86"]
[EventDate "2012.??.??"]
[TimeControl "6000+885"]

1. d4 Nf6 2. c4 e6 3. Nc3 Bb4 4. e3 b6 5. Nge2 Ba6 6. a3 Bxc3+ 7. Nxc3 d5 8. b3
O-O 9. Be2 Nc6 10. a4 dxc4 11. bxc4 Qd7 12. O-O Rfd8 13. Bb2 e5 14. d5 Na5 15.
Nb5 c6 16. dxc6 Qxc6 17. Qc2 Bb7 18. Bf3 Qxc4 19. Qxc4 Nxc4 20. Bxb7 Rab8 21.
Bxe5 Nxe5 22. Rfd1 Rd7 23. Rxd7 Nexd7 24. Bf3 a6 25. Nd4 Nc5 26. g3 g6 27. Kg2
Kg7 28. Bc6 Nfe4 29. Rc1 Nxf2 30. Rb1 Ng4 31. Re1 Ne5 32. Ra1 Rc8 33. Bf3 Nc4
34. Kf2 Re8 35. Nc2 Nb2 36. Ra2 Nbxa4 37. Rxa4 Nxa4 38. Bc6 Rc8 39. Bxa4 b5 40.
Bb3 a5 41. Nd4 a4 42. Bd1 a3 43. Bb3 Rc1 0-1

[Event "2012 U.S. Junior Closed Champioship"]
[Site "?"]
[Date "2012.07.11"]
[Round "1.3"]
[White "Holt, Conrad"]
[Black "Yang, Darwin"]
[Result "1-0"]
[ECO "E32"]
[WhiteElo "2580"]
[BlackElo "2523"]
[PlyCount "157"]
[EventDate "2012.??.??"]
[TimeControl "6000+1925"]

1. d4 Nf6 2. c4 e6 3. Nc3 Bb4 4. Qc2 O-O 5. e4 d6 6. a3 Bxc3+ 7. bxc3 e5 8. Bd3
c5 9. Ne2 Nc6 10. d5 Ne7 11. f3 Ng6 12. O-O Re8 13. Bg5 h6 14. Bd2 Bd7 15. g3
Qc8 16. Kh1 b6 17. Ng1 Rb8 18. Rae1 b5 19. Rb1 bxc4 20. Bxc4 Qc7 21. a4 Rxb1
22. Rxb1 Rb8 23. Ra1 Ne7 24. Ne2 Nc8 25. a5 Ne7 26. Nc1 Ne8 27. Nd3 Kh8 28. Nf2
Qb7 29. Bd3 Nc7 30. Qc1 Kh7 31. f4 f6 32. Rb1 Qc8 33. c4 Rxb1 34. Qxb1 Na6 35.
Nd1 Qb8 36. Qxb8 Nxb8 37. Nc3 Kg8 38. Kg2 Kf7 39. Kf3 Nc8 40. Kf2 Ke7 41. Nd1
Na6 42. Ne3 Nb8 43. Bc2 Kf7 44. Kf3 Ke7 45. h4 Kf7 46. Bd1 Ke7 47. f5 Kf7 48.
Kf2 Ne7 49. Be2 Kf8 50. Nd1 Kf7 51. Bh5+ Kf8 52. Nc3 a6 53. Bd1 Kf7 54. Na4
Bxa4 55. Bxa4 Kf8 56. Kf3 Kf7 57. Kg4 Kf8 58. Kh5 Kf7 59. g4 Ng8 60. g5 hxg5
61. hxg5 Kf8 62. Kg6 Ne7+ 63. Kh5 Ng8 64. Kg6 Ne7+ 65. Kh7 Ng8 66. Kh8 Ne7 67.
gxf6 gxf6 68. Kh7 Kf7 69. Bh6 Ng8 70. Bg7 Ne7 71. Bh6 Nc8 72. Bd1 Nd7 73. Bh5+
Ke7 74. Kg8 Na7 75. Bd1 Nc8 76. Ba4 Ke8 77. Kg7 Ne7 78. Bxd7+ Kxd7 79. Kxf6 1-0

[Event "2012 U.S. Junior Closed Champioship"]
[Site "?"]
[Date "2012.07.11"]
[Round "1.4"]
[White "Shen, Victor"]
[Black "Fisher, Will"]
[Result "1-0"]
[ECO "B32"]
[WhiteElo "2510"]
[BlackElo "2323"]
[PlyCount "95"]
[EventDate "2012.??.??"]
[TimeControl "6000+1125"]

1. e4 c5 2. Nf3 Nc6 3. d4 cxd4 4. Nxd4 Qb6 5. Nb3 Nf6 6. Nc3 e6 7. Bd3 Qc7 8.
O-O a6 9. f4 d6 10. a4 b6 11. Qf3 Bb7 12. Qh3 h5 13. Bd2 Be7 14. Rae1 Ng4 15.
Kh1 Bf6 16. Be2 O-O-O 17. Bd3 Kb8 18. Qf3 Nd4 19. Nxd4 Bxd4 20. Qe2 Qc8 21. Nd1
f5 22. Bc3 Bxc3 23. Nxc3 h4 24. h3 Nf6 25. Qf2 fxe4 26. Nxe4 Nxe4 27. Bxe4 d5
28. Bf3 Rd6 29. Bg4 g6 30. Re2 d4 31. Rfe1 Bd5 32. Kh2 Bc4 33. Re4 Qc7 34. b3
Bd5 35. Rxd4 g5 36. c4 Bb7 37. Rxd6 Qxd6 38. Rxe6 Qc7 39. Kg1 Rf8 40. f5 Bc6
41. b4 Kb7 42. Bf3 Bxf3 43. Qxf3+ Kb8 44. Qe3 b5 45. axb5 axb5 46. Rb6+ Ka8 47.
c5 Rxf5 48. Qa3+ 1-0

[Event "2012 U.S. Junior Closed Champioship"]
[Site "?"]
[Date "2012.07.11"]
[Round "1.5"]
[White "Perez, Robert"]
[Black "Williams, Justus"]
[Result "1-0"]
[ECO "A05"]
[WhiteElo "2483"]
[BlackElo "2314"]
[PlyCount "129"]
[EventDate "2012.??.??"]
[TimeControl "6000+20390"]

1. Nf3 Nf6 2. c4 e6 3. g3 d5 4. d4 Bb4+ 5. Bd2 Be7 6. Bg2 O-O 7. O-O c6 8. Qc2
b6 9. Bf4 Ba6 10. Nbd2 Nbd7 11. Rfe1 Nh5 12. Be3 Bd6 13. Rac1 h6 14. g4 Nf4 15.
Bxf4 Bxf4 16. e3 Bd6 17. Qa4 Bb7 18. Rc2 a6 19. cxd5 cxd5 20. Qb3 Rb8 21. a4
Qe8 22. h3 Qe7 23. Rec1 Qf6 24. Ne1 Kh8 25. Nd3 Qe7 26. f4 f6 27. Re1 Qf7 28.
Rf1 Rbe8 29. Nb1 Qg6 30. Rcf2 Bc6 31. Qd1 b5 32. Qc2 Rc8 33. a5 b4 34. Nxb4
Qxc2 35. Nxc2 Bb5 36. Rd1 g5 37. Nc3 Bc4 38. f5 exf5 39. Rxf5 Rb8 40. Bxd5 Rxb2
41. Rf2 Bxd5 42. Nxd5 Rb5 43. Nc3 Rxa5 44. Rb1 Rb8 45. Rxb8+ Bxb8 46. Kf1 Kg7
47. Ke2 Nb6 48. Kd3 Bc7 49. e4 Bf4 50. Rf1 Na4 51. Rb1 Nxc3 52. Rb7+ Kf8 53.
Kxc3 Ke8 54. Kc4 Ra2 55. Kb3 Ra5 56. Kc3 Ra2 57. Ra7 Bc1 58. Nb4 Ra3+ 59. Kc4
h5 60. Kd5 Rxh3 61. Ke6 Kd8 62. d5 Re3 63. Nc6+ Kc8 64. d6 Rxe4+ 65. Kf7 1-0

[Event "2012 U.S. Junior Closed Champioship"]
[Site "?"]
[Date "2012.07.11"]
[Round "1.6"]
[White "Sturt, Raven"]
[Black "Naroditsky, Daniel"]
[Result "0-1"]
[ECO "E21"]
[WhiteElo "2401"]
[BlackElo "2548"]
[PlyCount "62"]
[EventDate "2012.??.??"]
[TimeControl "6000+1115"]

1. Nf3 Nf6 2. d4 e6 3. c4 b6 4. Nc3 Bb4 5. Bd2 Bb7 6. Ne4 a5 7. Nxf6+ Qxf6 8.
e3 O-O 9. Be2 Bxd2+ 10. Qxd2 d6 11. Qc2 Nd7 12. Bd3 Qh6 13. Be4 c6 14. O-O-O d5
15. Bd3 c5 16. Ne5 Nxe5 17. dxe5 dxc4 18. Be4 Bxe4 19. Qxe4 b5 20. Rd6 a4 21.
Rhd1 g6 22. Rc6 Qxh2 23. Rxc5 Rfd8 24. Rf1 a3 25. Rxb5 axb2+ 26. Kb1 c3 27. Rc5
Ra3 28. Qf3 Qh4 29. Rc7 Rf8 30. Qc6 Qh5 31. Qb5 Qf5+ 0-1

[Event "2012 U.S. Junior Closed Champioship"]
[Site "?"]
[Date "2012.07.11"]
[Round "1.7"]
[White "Arnold, Marc"]
[Black "Cao, Kevin"]
[Result "1-0"]
[ECO "D43"]
[WhiteElo "2560"]
[BlackElo "2233"]
[PlyCount "111"]
[EventDate "2012.??.??"]
[TimeControl "6000+1305"]

1. d4 d5 2. c4 e6 3. Nc3 Nf6 4. Nf3 c6 5. g3 dxc4 6. Bg2 Nbd7 7. a4 Bd6 8. Nd2
O-O 9. Nxc4 Bc7 10. Bf4 Nb6 11. Ne5 Nfd5 12. Bc1 Ne7 13. Nf3 Ng6 14. O-O a5 15.
Qc2 Nd5 16. Rd1 Nb4 17. Qb1 b6 18. e4 Bb7 19. Be3 Qb8 20. Na2 Nxa2 21. Qxa2 Qa7
22. h4 h6 23. Rac1 Rac8 24. Nd2 Rfd8 25. Nc4 Nf8 26. Qa3 Nd7 27. Bf4 Nf6 28.
Bd6 Bxd6 29. Nxd6 Rb8 30. e5 Nd5 31. Bxd5 exd5 32. Qf3 Rf8 33. Rc3 Ba8 34. Qg4
Kh7 35. h5 Rbd8 36. Qe2 Qd7 37. Rf3 Qg4 38. Re1 Qxh5 39. Rxf7 Qxe2 40. Rxe2
Rxf7 41. Nxf7 Re8 42. e6 Re7 43. Nd6 c5 44. Nf5 Re8 45. e7 cxd4 46. Nd6 Bc6 47.
Nxe8 Bxe8 48. Kf1 Kg8 49. Ke1 Kf7 50. b3 g5 51. Kd2 Bd7 52. Re5 Ke8 53. Kd3 Bg4
54. Kxd4 Bd1 55. Kxd5 Bxb3+ 56. Kd6 1-0

[Event "2012 U.S. Junior Closed Champioship"]
[Site "?"]
[Date "2012.07.11"]
[Round "1.8"]
[White "Rosen, Eric"]
[Black "Troff, Kayden"]
[Result "1/2-1/2"]
[ECO "A28"]
[WhiteElo "2425"]
[BlackElo "2392"]
[PlyCount "131"]
[EventDate "2012.??.??"]
[TimeControl "6000+945"]

1. c4 Nf6 2. Nc3 e5 3. Nf3 Nc6 4. a3 a6 5. e3 g6 6. b4 d6 7. d4 Bg7 8. Bb2 exd4
9. Nxd4 O-O 10. Be2 d5 11. Nxc6 bxc6 12. O-O a5 13. Na4 axb4 14. axb4 Rb8 15.
Bd4 dxc4 16. Qc2 Nd5 17. Bxg7 Kxg7 18. Rab1 Qh4 19. g3 Qe7 20. Nc5 Qe5 21. Bxc4
Bh3 22. Rfc1 Rxb4 23. Rxb4 Nxb4 24. Nd3 Nxd3 25. Bxd3 Rd8 26. Be4 c5 27. Bf3
Rb8 28. Qe4 Qb2 29. Qc4 Rb6 30. Bg2 Rf6 31. Bxh3 Qxf2+ 32. Kh1 Qxe3 33. Bg2 Rd6
34. Rf1 Rf6 35. Rb1 Rb6 36. Rd1 Rd6 37. Rf1 Rf6 38. Ra1 Qd4 39. Rc1 Re6 40. Qc2
c4 41. h3 Re3 42. Qxc4 Re1+ 43. Bf1 Qxc4 44. Rxc4 Rxf1+ 45. Kg2 Rb1 46. Rxc7
Rb2+ 47. Kf3 Rb3+ 48. Kg2 g5 49. Rc4 h6 50. h4 f5 51. hxg5 hxg5 52. Rc6 Kf7 53.
Ra6 Re3 54. Kf2 Re6 55. Ra5 Kg6 56. g4 fxg4 57. Kg3 Kh5 58. Ra3 Re8 59. Rb3 Rf8
60. Rb6 Ra8 61. Rb3 Rf8 62. Rb6 Rf3+ 63. Kg2 Re3 64. Ra6 g3 65. Ra4 Rb3 66. Rc4
1/2-1/2

[Event "2012 U.S. Junior Closed Champioship"]
[Site "?"]
[Date "2012.07.11"]
[Round "2.1"]
[White "Shetty, Atulya"]
[Black "Fisher, Will"]
[Result "1-0"]
[ECO "A20"]
[WhiteElo "2323"]
[BlackElo "2323"]
[PlyCount "73"]
[EventDate "2012.??.??"]
[TimeControl "6000+1340"]

1. c4 e5 2. g3 Nf6 3. Bg2 d5 4. cxd5 Nxd5 5. Nc3 Nb6 6. Nf3 Nc6 7. O-O Be7 8.
a3 O-O 9. b4 Be6 10. d3 f6 11. Bb2 a5 12. b5 Nd4 13. Nd2 Qc8 14. e3 Nf5 15. Qc2
Nd6 16. Rfc1 a4 17. Nde4 Bb3 18. Qe2 Nf7 19. Nd2 Be6 20. Nce4 Bg4 21. Qf1 Ra5
22. d4 Bd7 23. dxe5 fxe5 24. Nc5 Bxb5 25. Qe1 Bxc5 26. Rxc5 Nd7 27. Ne4 b6 28.
Rd5 c6 29. Rd2 Qc7 30. Rad1 c5 31. Nd6 Nxd6 32. Rxd6 Rf6 33. R6d2 Rf8 34. Rd6
Re8 35. Qd2 Ra7 36. Bc3 h6 37. Qb2 1-0

[Event "2012 U.S. Junior Closed Champioship"]
[Site "?"]
[Date "2012.07.11"]
[Round "2.2"]
[White "Yang, Darwin"]
[Black "Shen, Victor"]
[Result "1/2-1/2"]
[ECO "E46"]
[WhiteElo "2523"]
[BlackElo "2510"]
[PlyCount "64"]
[EventDate "2012.??.??"]
[TimeControl "6000+1635"]

1. d4 Nf6 2. c4 e6 3. Nc3 Bb4 4. e3 O-O 5. Nge2 d5 6. a3 Be7 7. cxd5 exd5 8.
Nf4 a5 9. Bd3 c6 10. O-O Na6 11. Bc2 Nc7 12. f3 Ne6 13. e4 dxe4 14. Nxe6 Bxe6
15. fxe4 Bg4 16. Qd3 Bh5 17. Kh1 Bg6 18. Be3 b5 19. Qe2 b4 20. e5 bxc3 21. exf6
Bxf6 22. bxc3 Re8 23. Bxg6 hxg6 24. Qd3 Rb8 25. c4 Rxe3 26. Qxe3 Bxd4 27. Qf3
Bxa1 28. Qxf7+ Kh7 29. Rxa1 Qf6 30. Qxf6 gxf6 31. Kg1 Rb3 32. Rd1 Rxa3 1/2-1/2

[Event "2012 U.S. Junior Closed Champioship"]
[Site "?"]
[Date "2012.07.11"]
[Round "2.3"]
[White "Xiong, Jeffery"]
[Black "Holt, Conrad"]
[Result "1/2-1/2"]
[ECO "B14"]
[WhiteElo "2369"]
[BlackElo "2580"]
[PlyCount "78"]
[EventDate "2012.??.??"]
[TimeControl "6000+885"]

1. c4 c6 2. e4 d5 3. exd5 Nf6 4. d4 cxd5 5. Nc3 e6 6. Nf3 Bb4 7. cxd5 Nxd5 8.
Bd2 Nc6 9. Bd3 Be7 10. O-O O-O 11. Qe2 Nf6 12. Ne4 Qb6 13. Nxf6+ Bxf6 14. Bc3
Nb4 15. Be4 Bd7 16. Qd2 Nd5 17. Bxd5 exd5 18. Ne5 Be6 19. Rfe1 Rfe8 20. Re2
Rac8 21. Rae1 Qd8 22. Qf4 b6 23. Qf3 Qd6 24. Qg3 Bd8 25. a3 a5 26. Bd2 Qf8 27.
Bf4 f6 28. Ng4 Bd7 29. Rxe8 Bxe8 30. Bd6 Be7 31. Bxe7 Qxe7 32. f3 Qf8 33. Nh6+
Kh8 34. Nf5 Bg6 35. Ne7 Re8 36. Nxd5 Rxe1+ 37. Qxe1 Qd6 38. Nc3 Qxd4+ 39. Qf2
Qd6 1/2-1/2

[Event "2012 U.S. Junior Closed Champioship"]
[Site "?"]
[Date "2012.07.11"]
[Round "2.4"]
[White "Getz, Alec"]
[Black "Michaelides, Matthew"]
[Result "1-0"]
[ECO "B19"]
[WhiteElo "2412"]
[BlackElo "2179"]
[PlyCount "91"]
[EventDate "2012.??.??"]
[TimeControl "6000+1625"]

1. e4 c6 2. d4 d5 3. Nd2 dxe4 4. Nxe4 Bf5 5. Ng3 Bg6 6. Nf3 Nd7 7. h4 h6 8. h5
Bh7 9. Bd3 Bxd3 10. Qxd3 e6 11. Bd2 Ngf6 12. O-O-O Be7 13. Ne4 Nxe4 14. Qxe4
Nf6 15. Qd3 O-O 16. Kb1 Qd5 17. Be3 Rfd8 18. c4 Qe4 19. Qxe4 Nxe4 20. Ne5 Bf6
21. f4 Rac8 22. a4 Nd6 23. b3 b5 24. axb5 cxb5 25. c5 Nf5 26. Bf2 Ne7 27. Kc2
Bxe5 28. dxe5 Rd5 29. Rxd5 Nxd5 30. g3 Kf8 31. Ra1 a6 32. Kd3 Ke7 33. Ke4 Rc6
34. g4 Kd8 35. f5 Kc8 36. Bd4 Kb7 37. Rg1 Nc7 38. f6 gxf6 39. exf6 e5 40. Kxe5
Ne6 41. Be3 Nf8 42. Bxh6 Nd7+ 43. Kd4 Rxf6 44. Bg7 Rf3 45. h6 Rh3 46. Rf1 1-0

[Event "2012 U.S. Junior Closed Champioship"]
[Site "?"]
[Date "2012.07.11"]
[Round "2.5"]
[White "Williams, Justus"]
[Black "Troff, Kayden"]
[Result "0-1"]
[ECO "B51"]
[WhiteElo "2314"]
[BlackElo "2392"]
[PlyCount "72"]
[EventDate "2012.??.??"]
[TimeControl "6000+995"]

1. e4 c5 2. Nf3 d6 3. Bb5+ Nc6 4. O-O Bd7 5. Re1 Nf6 6. c3 a6 7. Bf1 g6 8. h3
Bg7 9. d4 cxd4 10. cxd4 O-O 11. Nc3 Rc8 12. Be3 b5 13. e5 Ne8 14. Bg5 h6 15.
Bh4 g5 16. Bg3 Bf5 17. a4 Nb4 18. Rc1 dxe5 19. Bxe5 Nc2 20. Bxg7 Nxg7 21. Re5
b4 22. Nd5 e6 23. Bxa6 Rc6 24. Bd3 Bxd3 25. Qxd3 Nxd4 26. Nc3 Nxf3+ 27. Qxf3
Qc7 28. Re3 Nf5 29. Rd3 bxc3 30. Rcxc3 Rxc3 31. Rxc3 Qe5 32. Qd1 Rb8 33. Qd2
Qd4 34. Qc2 Kg7 35. a5 Qb4 36. g4 Nh4 0-1

[Event "2012 U.S. Junior Closed Champioship"]
[Site "?"]
[Date "2012.07.11"]
[Round "2.6"]
[White "Cao, Kevin"]
[Black "Rosen, Eric"]
[Result "1-0"]
[ECO "B49"]
[WhiteElo "2233"]
[BlackElo "2425"]
[PlyCount "141"]
[EventDate "2012.??.??"]
[TimeControl "6000+1055"]

1. e4 c5 2. Nf3 e6 3. d4 cxd4 4. Nxd4 Nc6 5. Nc3 Qc7 6. Be3 a6 7. Be2 Nf6 8.
O-O Bb4 9. Na4 Be7 10. Nxc6 bxc6 11. Nb6 Rb8 12. Nxc8 Qxc8 13. Bd4 c5 14. Be5
Rb6 15. Qd3 d6 16. Bc3 O-O 17. b3 d5 18. e5 Nd7 19. Qg3 Rc6 20. Rae1 f5 21.
exf6 Bxf6 22. Bd2 Be5 23. Qh3 Qc7 24. Bg4 Re8 25. f4 Bd4+ 26. Kh1 Qd6 27. f5 e5
28. c3 Nf6 29. cxd4 cxd4 30. Be2 Rec8 31. Bd3 e4 32. Bb1 Qa3 33. Bg5 Re8 34.
Qh4 Qe7 35. Qf2 h6 36. Bh4 Qb4 37. Bxf6 Rxf6 38. Rd1 d3 39. Qe1 Qf8 40. Qe3
Rxf5 41. Rxf5 Qxf5 42. Bxd3 Re6 43. Be2 Rd6 44. Qc5 Rd7 45. Bxa6 Kh7 46. h3 Qh5
47. Qd4 Ra7 48. Bc8 Rxa2 49. Bg4 Qg6 50. Qxd5 Rf2 51. Re1 Rf4 52. g3 Rf8 53.
Kh2 Kh8 54. Qxe4 Qb6 55. Qe3 Qb5 56. Bf3 Qb4 57. Bg2 Rb8 58. Rf1 Qa3 59. Qe6
Qb2 60. Kh1 Qc3 61. Kh2 Qb2 62. Rf7 Rd8 63. Re7 Rf8 64. Re8 Rxe8 65. Qxe8+ Kh7
66. Qe4+ g6 67. b4 h5 68. h4 Kh8 69. Qe8+ Kg7 70. b5 g5 71. Qe7+ 1-0

[Event "2012 U.S. Junior Closed Champioship"]
[Site "?"]
[Date "2012.07.11"]
[Round "2.7"]
[White "Naroditsky, Daniel"]
[Black "Arnold, Marc"]
[Result "1/2-1/2"]
[ECO "A07"]
[WhiteElo "2548"]
[BlackElo "2560"]
[PlyCount "61"]
[EventDate "2012.??.??"]
[TimeControl "6000+950"]

1. Nf3 Nf6 2. g3 d5 3. Bg2 c6 4. O-O Bg4 5. d4 Nbd7 6. Nbd2 e6 7. Re1 Be7 8. e4
O-O 9. c3 Bh5 10. a4 Bg6 11. exd5 cxd5 12. a5 Qc7 13. Nh4 Bd3 14. Nb3 Ba6 15.
Nf5 Bd8 16. Bf4 Qc6 17. Ne3 Bc7 18. Bxc7 Qxc7 19. Nc2 Ne8 20. Nb4 Bb5 21. Nc1
Nd6 22. Ncd3 a6 23. Qb1 b6 24. axb6 Qxb6 25. Nf4 Rae8 26. Qa2 Qb7 27. b3 a5 28.
Nc2 Ra8 29. c4 Bc6 30. Qa3 Ne4 31. Ne3 1/2-1/2

[Event "2012 U.S. Junior Closed Champioship"]
[Site "?"]
[Date "2012.07.11"]
[Round "2.8"]
[White "Perez, Robert"]
[Black "Sturt, Raven"]
[Result "1/2-1/2"]
[ECO "D17"]
[WhiteElo "2483"]
[BlackElo "2401"]
[PlyCount "224"]
[EventDate "2012.??.??"]
[TimeControl "6000+2075"]

1. Nf3 Nf6 2. c4 c6 3. d4 d5 4. Nc3 dxc4 5. a4 Bf5 6. Ne5 Nbd7 7. Nxc4 Nb6 8.
Ne5 a5 9. g3 e6 10. Bg2 Bb4 11. O-O O-O 12. e3 Qe7 13. Qe2 h6 14. e4 Bh7 15.
Rd1 Rfd8 16. f3 c5 17. Be3 cxd4 18. Rxd4 Bc5 19. Rxd8+ Rxd8 20. Rc1 Bxe3+ 21.
Qxe3 Qb4 22. Nd3 Nc4 23. Qe2 Qb6+ 24. Kh1 Qe3 25. Bf1 g5 26. b3 Rxd3 27. Qxd3
Qxc1 28. Qxc4 g4 29. Nd5 Qa1 30. Nxf6+ Qxf6 31. f4 Qb2 32. Bd3 h5 33. Qc2 Qd4
34. Kg2 h4 35. gxh4 Qe3 36. Qc8+ Kg7 37. Qc3+ f6 38. Qc7+ Kh6 39. Qf7 Bxe4+ 40.
Bxe4 Qxe4+ 41. Kg1 Qd4+ 42. Kg2 Qb2+ 43. Kg1 Qc1+ 44. Kg2 Qxf4 45. Qxe6 Qf3+
46. Kg1 Kh5 47. Qf7+ Kxh4 48. Qg6 Qf4 49. Qh7+ Kg5 50. Qxb7 Qc1+ 51. Kg2 Qd2+
52. Kg1 Qc3 53. Kg2 Kf4 54. Qb8+ Qe5 55. Qd8 Qb2+ 56. Kg1 Ke3 57. Qe8+ Qe5 58.
Qc8 Qd4 59. Qf5 Qd1+ 60. Kg2 Qxb3 61. Qxg4 Qd5+ 62. Kg3 Qe5+ 63. Kg2 Qb2+ 64.
Kh3 Qf2 65. Qe6+ Kd3 66. Qb3+ Ke4 67. Qe6+ Kd3 68. Qd5+ Qd4 69. Qb5+ Ke4 70.
Qxa5 Qe3+ 71. Kh4 Qf4+ 72. Kh5 Qxh2+ 73. Kg6 Qd6 74. Qf5+ Kd4 75. a5 Kc4 76. a6
Qb6 77. Qf1+ Kd5 78. Qf3+ Kc4 79. Qf1+ Kd5 80. Qa1 Qa7 81. Qh1+ Kc4 82. Qb7
Qg1+ 83. Kf7 Qh2 84. Kg7 Qg3+ 85. Kf8 Qa3+ 86. Ke8 Qe3+ 87. Kd8 Qd4+ 88. Kc8
Qg4+ 89. Kb8 Kd3 90. a7 Qg8+ 91. Qc8 Qb3+ 92. Kc7 Qc4+ 93. Kd8 Qg8+ 94. Kc7
Qc4+ 95. Kb8 Qb5+ 96. Qb7 Qe8+ 97. Kc7 Qe7+ 98. Kb6 Qb4+ 99. Kc6 Qe4+ 100. Kc7
Qe7+ 101. Kb8 Qe8+ 102. Qc8 Qb5+ 103. Kc7 Qc4+ 104. Kd8 Qg8+ 105. Kc7 Qc4+ 106.
Kb8 Qb5+ 107. Qb7 Qe8+ 108. Kc7 Qe7+ 109. Kb6 Qb4+ 110. Kc6 Qe4+ 111. Kc7 Qe7+
112. Kb8 Qd8+ 1/2-1/2

[Event "2012 U.S. Junior Closed Champioship"]
[Site "?"]
[Date "2012.07.12"]
[Round "3.1"]
[White "Michaelides, Matthew"]
[Black "Shetty, Atulya"]
[Result "1/2-1/2"]
[ECO "E45"]
[WhiteElo "2179"]
[BlackElo "2323"]
[PlyCount "117"]
[EventDate "2012.??.??"]
[TimeControl "6000+1180"]

1. d4 Nf6 2. c4 e6 3. Nc3 Bb4 4. e3 b6 5. Nge2 Ba6 6. a3 Bxc3+ 7. Nxc3 d5 8.
Qf3 c6 9. b3 O-O 10. Be2 Nbd7 11. O-O Rc8 12. Bb2 Bb7 13. Rfd1 Qe7 14. Qg3 Rfd8
15. Rac1 Ne8 16. e4 Nd6 17. Bd3 Nf8 18. Re1 dxe4 19. Bxe4 Ng6 20. Bb1 Qf8 21.
Rcd1 Nf5 22. Bxf5 exf5 23. Qg5 f4 24. h4 f3 25. h5 Nh8 26. Ne4 f5 27. Ng3 Nf7
28. Qxf5 fxg2 29. Re3 Rc7 30. Rde1 Bc8 31. Qf4 Nd6 32. Qxf8+ Rxf8 33. Re7 Rxe7
34. Rxe7 Rf7 35. Rxf7 Kxf7 36. Kxg2 a5 37. c5 bxc5 38. dxc5 Nb7 39. b4 axb4 40.
axb4 Be6 41. Kf3 Nd8 42. Kf4 Bd5 43. Ke5 Bf3 44. Bc1 h6 45. Kd6 Ne6 46. Be3 Kf6
47. b5 cxb5 48. c6 b4 49. c7 Nxc7 50. Kxc7 g6 51. Bd4+ Kg5 52. Be3+ Kf6 53.
Bd4+ Kg5 54. hxg6 Kxg6 55. Kd6 Kg5 56. Be3+ Kg4 57. Nf1 Be2 58. Nd2 h5 59. Kc5
1/2-1/2

[Event "2012 U.S. Junior Closed Champioship"]
[Site "?"]
[Date "2012.07.12"]
[Round "3.2"]
[White "Holt, Conrad"]
[Black "Getz, Alec"]
[Result "1/2-1/2"]
[ECO "D11"]
[WhiteElo "2580"]
[BlackElo "2412"]
[PlyCount "102"]
[EventDate "2012.??.??"]
[TimeControl "6000+1190"]

1. d4 d5 2. c4 c6 3. Nf3 e6 4. Nc3 Nd7 5. e4 dxe4 6. Nxe4 Ngf6 7. Bd3 Nxe4 8.
Bxe4 Bb4+ 9. Bd2 Qa5 10. O-O Bxd2 11. Qxd2 Qxd2 12. Nxd2 O-O 13. Rfe1 Rd8 14.
Rad1 Nf6 15. Bf3 Rxd4 16. Ne4 Rd7 17. Nc5 Rxd1 18. Rxd1 Kf8 19. Rd8+ Ne8 20.
Na6 Ke7 21. Rxe8+ Kxe8 22. Nc7+ Kd7 23. Nxa8 b6 24. Kf1 Bb7 25. Nxb6+ axb6 26.
Ke2 f5 27. Kd2 Ba6 28. Kc3 c5 29. h4 Kd6 30. a3 g6 31. b4 h6 32. g4 Ke5 33. h5
g5 34. Bc6 fxg4 35. bxc5 bxc5 36. a4 Kf4 37. a5 g3 38. fxg3+ Kxg3 39. Bb5 Bc8
40. a6 Bxa6 41. Bxa6 Kf2 42. Kd3 g4 43. Bc8 g3 44. Bb7 g2 45. Bxg2 Kxg2 46. Ke4
Kf2 47. Ke5 Ke3 48. Kxe6 Kd4 49. Kf6 Kxc4 50. Kg6 Kd5 51. Kxh6 Ke4 1/2-1/2

[Event "2012 U.S. Junior Closed Champioship"]
[Site "?"]
[Date "2012.07.12"]
[Round "3.3"]
[White "Shen, Victor"]
[Black "Xiong, Jeffery"]
[Result "1-0"]
[ECO "E21"]
[WhiteElo "2510"]
[BlackElo "2369"]
[PlyCount "69"]
[EventDate "2012.??.??"]
[TimeControl "6000+1800"]

1. d4 Nf6 2. c4 e6 3. Nc3 Bb4 4. Nf3 b6 5. e3 Bb7 6. Bd3 Ne4 7. Qc2 f5 8. O-O
Bxc3 9. bxc3 O-O 10. Ne1 c5 11. a4 Nc6 12. Ba3 Na5 13. dxc5 Nxc5 14. Bxc5 bxc5
15. Nf3 Bxf3 16. gxf3 Qh4 17. Kh1 Nxc4 18. f4 Nd6 19. c4 Qf6 20. Be2 Rab8 21.
Bf3 Nf7 22. Rab1 d6 23. Qd2 Qd8 24. Rb5 Rb6 25. Rfb1 Qc7 26. Rxb6 axb6 27. Qb2
Qa7 28. Bc6 Nh6 29. Qxb6 Qe7 30. f3 e5 31. a5 e4 32. a6 exf3 33. a7 Ng4 34.
Bd5+ Kh8 35. Qb8 1-0

[Event "2012 U.S. Junior Closed Champioship"]
[Site "?"]
[Date "2012.07.12"]
[Round "3.4"]
[White "Fisher, Will"]
[Black "Yang, Darwin"]
[Result "0-1"]
[ECO "C11"]
[WhiteElo "2323"]
[BlackElo "2523"]
[PlyCount "78"]
[EventDate "2012.??.??"]
[TimeControl "6000+1110"]

1. e4 e6 2. d4 d5 3. Nc3 Nf6 4. Bg5 dxe4 5. Nxe4 Nbd7 6. Nf3 h6 7. Bxf6 Nxf6 8.
Bd3 Be7 9. O-O O-O 10. Nxf6+ Bxf6 11. c3 c5 12. dxc5 Qc7 13. Nd2 Rd8 14. Nb3
Bd7 15. Qf3 Ba4 16. Bh7+ Kh8 17. Be4 Rab8 18. Rfd1 Bxb3 19. axb3 Qxc5 20. Rxd8+
Rxd8 21. Rd1 Rxd1+ 22. Qxd1 Qc7 23. Qd3 b6 24. g3 g6 25. Kg2 Kg7 26. Bf3 a5 27.
Qa6 Be7 28. Qa8 Bc5 29. Qe4 Qd6 30. Qe2 e5 31. Bb7 f5 32. f3 Kf6 33. Ba8 Qd7
34. h4 h5 35. Kh2 b5 36. Kg2 Bb6 37. Kh2 Qd6 38. Qxb5 Qd2+ 39. Kh3 Bg1 0-1

[Event "2012 U.S. Junior Closed Champioship"]
[Site "?"]
[Date "2012.07.12"]
[Round "3.5"]
[White "Sturt, Raven"]
[Black "Williams, Justus"]
[Result "0-1"]
[ECO "A40"]
[WhiteElo "2401"]
[BlackElo "2314"]
[PlyCount "68"]
[EventDate "2012.??.??"]
[TimeControl "6000+1375"]

1. d4 Nf6 2. c4 e6 3. g3 d5 4. Nf3 Bb4+ 5. Bd2 Be7 6. Bg2 c6 7. Qc2 O-O 8. O-O
b6 9. Bf4 Ba6 10. Nbd2 Nbd7 11. Rac1 Rc8 12. e4 dxc4 13. Nxc4 c5 14. Qa4 Bb7
15. Nd6 Bc6 16. Qb3 Bxd6 17. Bxd6 Re8 18. e5 Ne4 19. Rfd1 Bd5 20. Qa4 c4 21.
Ba3 c3 22. Ne1 Rc4 23. Qxa7 b5 24. b3 Rc8 25. Bd6 Nxd6 26. exd6 Nf6 27. Bxd5
exd5 28. Nd3 Qxd6 29. Qa5 Ne4 30. Qb4 Qf6 31. Qxb5 Qxd4 32. Qb4 Qf6 33. Rc2 Qf3
34. Rcc1 c2 0-1

[Event "2012 U.S. Junior Closed Champioship"]
[Site "?"]
[Date "2012.07.12"]
[Round "3.6"]
[White "Arnold, Marc"]
[Black "Perez, Robert"]
[Result "1/2-1/2"]
[ECO "E54"]
[WhiteElo "2560"]
[BlackElo "2483"]
[PlyCount "66"]
[EventDate "2012.??.??"]
[TimeControl "6000+1150"]

1. d4 Nf6 2. c4 e6 3. Nc3 Bb4 4. Nf3 c5 5. e3 O-O 6. Bd3 d5 7. O-O dxc4 8. Bxc4
b6 9. Qe2 Bb7 10. Rd1 cxd4 11. exd4 Nbd7 12. Bg5 Bxc3 13. bxc3 Qc7 14. Rac1
Bxf3 15. gxf3 Nh5 16. Bb5 h6 17. Be3 Rfd8 18. Kh1 Nf8 19. Bd3 Nf4 20. Bxf4 Qxf4
21. Qe3 Qf6 22. c4 Rac8 23. c5 Ng6 24. Be4 Nf4 25. Rd2 bxc5 26. dxc5 Rxd2 27.
Qxd2 Qg5 28. Rg1 Qe5 29. Rc1 f5 30. Bb7 Rc7 31. c6 Nd5 32. Re1 Qd6 33. Qd4 a5
1/2-1/2